AoeStats
← StiffNipples

Black Forest

493129484Analyzed
4v4 RM · 3mo ago on Jul 18, 2026· 47m 33s· 8 players
Game mode
Random Map
Map size
Large (8 player)
Population
250
Speed
Normal
Resources
Standard
Victory
Conquest
Starting age
Dark Age
Ending age
Dark Age
RankedLock teamsTeams togetherTeam positionsShared explorationLock speedFull tech treeHidden civsTurbo modeCheats
Victory
Defeat
🇭🇰 Franks · Hong Kong SAR China
1460
+9
🇭🇰 Goths · Hong Kong SAR China
1390
+11
🇦🇺 Dravidians · Australia
1360
+13
🇫🇷 Turks · France
1252
+18
🇦🇺 Tupi · Australia
1386
-17
1297
-13
🇦🇺 Armenians · Australia
1246
-11
🇮🇳 Hindustanis · India
1217
-21
Boot Boot
11:35 Feudal Age
15:25 Castle Age
13:13 Double-Bit Axe
16:28 Bow Saw
22:46 Gold Mining
28:02 Imperial Age
25:19 Loom
26:29 Wheelbarrow
25:41 Town Watch
27:00 Stone Mining
27:46 Gold Shaft Mining
27:47 Hand Cart
27:59 Town Patrol
28:27 Ballistics
28:15 Scale Barding Armor
28:20 Forging
29:21 Forging
29:51 Chain Barding Armor
31:20 Caravan
32:05 Plate Barding Armor
32:06 Iron Casting
31:02 Cavalier
31:43 Husbandry
31:04 Light Cavalry
32:45 Paladin
36:32 Light Cavalry
38:32 Blast Furnace
The Bapt'
7:33 Loom
12:11 Feudal Age
17:26 Castle Age
15:43 Double-Bit Axe
16:50 Gold Mining
22:40 Imperial Age
20:21 Horse Collar
31:36 Guilds
37:33 Bloodlines
38:18 Husbandry
40:27 Scale Barding Armor
43:29 Bow Saw
Yauchaise
0:53 Loom
12:00 Feudal Age
13:27 Double-Bit Axe
16:21 Castle Age
15:17 Fishing Lines
19:06 Bow Saw
20:07 Horse Collar
22:11 Gillnets
23:29 Wheelbarrow
26:26 Gold Mining
26:27 Stone Mining
29:52 Imperial Age
27:16 Man-at-Arms
27:56 Squires
27:16 Pikeman
28:08 Forging
27:59 Scale Mail Armor
28:59 Hand Cart
29:09 Anarchy
30:05 Stone Shaft Mining
29:35 Heavy Plow
29:59 Chain Mail Armor
31:12 Iron Casting
30:19 Onager
33:52 Blast Furnace
34:02 Crop Rotation
36:57 Elite Huskarl
38:36 Capped Ram
40:23 Chemistry
39:44 Ballistics
StiffNipples
9:57 Loom
11:42 Feudal Age
16:51 Castle Age
16:25 Double-Bit Axe
18:16 Bow Saw
18:52 Squires
18:38 Arson
18:49 Horse Collar
26:19 Scale Mail Armor
26:29 Forging
27:42 Forging
30:04 Chain Mail Armor
31:56 Medical Corps
32:31 Iron Casting
31:47 Fletching
31:57 Padded Archer Armor
35:32 Bodkin Arrow
35:52 Leather Archer Armor
37:02 Leather Archer Armor
40:30 Imperial Age
37:57 Gold Mining
41:10 Heavy Plow
42:40 Thumb Ring
43:11 Ring Archer Armor
42:42 Bracer
43:34 Elite Elephant Archer
45:27 Ballistics
47:15 Conscription
47:32 Hoardings
48:04 Chemistry
The sneak attacker is trash
8:48 Loom
11:01 Feudal Age
14:09 Double-Bit Axe
16:31 Castle Age
15:38 Stone Mining
19:00 Wheelbarrow
23:12 Bow Saw
27:43 Fletching
31:58 Imperial Age
32:42 Bodkin Arrow
35:00 Chemistry
35:25 Elite Longbowman
36:24 Bracer
36:48 Ballistics
37:49 Conscription
37:31 Padded Archer Armor
37:42 Forging
37:33 Scale Mail Armor
37:17 Pikeman
37:57 Squires
37:43 Arson
39:23 Halberdier
40:39 Iron Casting
40:38 Chain Mail Armor
40:20 Murder Holes
40:06 Treadmill Crane
40:44 Hand Cart
41:31 Two-Man Saw
astro_ant
0:42 Loom
14:12 Feudal Age
15:03 Double-Bit Axe
15:08 Horse Collar
17:54 Castle Age
19:28 Heavy Plow
25:29 Stone Mining
25:51 Bow Saw
30:18 Imperial Age
28:27 Fletching
28:38 Padded Archer Armor
28:38 Gold Mining
29:33 Murder Holes
30:56 Bodkin Arrow
31:17 Leather Archer Armor
31:50 Gold Shaft Mining
32:28 Chemistry
32:01 Ballistics
32:36 Conscription
31:38 Elite Blackwood Archer
34:06 Curare
34:53 Ring Archer Armor
35:14 Bracer
36:43 Wheelbarrow
35:56 Town Watch
Lex Occultus
10:32 Loom
12:53 Feudal Age
14:12 Wheelbarrow
14:14 Gold Mining
14:15 Horse Collar
14:25 Double-Bit Axe
20:18 Fletching
26:21 Castle Age
24:59 Padded Archer Armor
26:07 Gold Mining
26:08 Stone Mining
27:23 Hand Cart
26:56 Crossbowman
28:33 Bow Saw
29:45 Husbandry
33:25 Town Watch
34:07 Heavy Plow
34:21 Fortified Wall
34:28 Bloodlines
Gary Oak
1:33 Loom
17:02 Feudal Age
17:11 Man-at-Arms
17:59 Double-Bit Axe
18:48 Long Swordsman
19:53 Scale Mail Armor
22:12 Horse Collar
23:59 Fishing Lines
24:20 Gold Mining
38:24 Wheelbarrow
39:52 Castle Age
Connection lost

Rejoining the realm…

Still unreachable

The connection could not be restored.

Session expired

The server has moved on; the page needs a fresh start.